 Dungeon Crawl Stone Soup version 0.26-a0-651-gb41185065b (webtiles) character file.

Game seed: 14565535198933100416

2844 kae the Grappler (level 9, 0/79 HPs)
             Began as a Red Draconian Transmuter on Oct 7, 2020.
             Was a Believer of Wu Jian.
             Slain by an orc warrior
             ... wielding a +0 short sword
              (1 damage)
             ... on level 8 of the Dungeon on Oct 8, 2020.
             The game lasted 00:07:18 (9752 turns).

kae the Grappler (Red Draconian Transmuter)         Turns: 9752, Time: 00:07:18

Health: 0/79       AC:  7    Str: 16    XL:     9   Next: 46%
Magic:  12/12      EV: 12    Int: 14    God:    Wu Jian [**....]
Gold:   395        SH:  0    Dex: 11    Spells: 6/12 levels left

rFire    + . .     SeeInvis .     - Unarmed
rCold    . . .     Faith    .   (no shield)
rNeg     . . .     Spirit   .   (armour unavailable)
rPois    .         Reflect  .   (helmet currently unavailable)
rElec    .         Harm     .   (no cloak)
rCorr    .         Rampage  .   (no gloves)
MR       .....                  (boots currently unavailable)
Stlth    +.........             (no amulet)
HPRegen  0.23/turn              e - ring of flight
MPRegen  0.13/turn              (no ring)

@: appendages (expiring)
A: breathe fire, unfitting armour, horns 2, talons 2, fire resistance 1,
cold-blooded, AC +7
a: Breathe Fire, End Transformation, Wall Jump, Renounce Religion, Evoke Flight


You were on level 8 of the Dungeon.
You worshipped Wu Jian.
Wu Jian was pleased with you.
You had grown temporary horns.
You had grown temporary talons.
You visited 2 branches of the dungeon, and saw 9 of its levels.

You collected 395 gold pieces.

Inventory:

Jewellery
 e - a ring of flight (left hand)
Scrolls
 b - 2 scrolls of fog
 c - 7 scrolls of remove curse
 d - a scroll of amnesia
 f - 2 scrolls of teleportation
 j - 2 scrolls of enchant weapon
 l - a scroll of identify
Potions
 a - 2 potions of invisibility
 g - a potion of haste
 h - 3 potions of degeneration
 i - a potion of might
 k - 4 potions of flight
 m - 2 potions of brilliance
 p - 2 potions of curing {unknown}


   Skills:
 + Level 7.2 Fighting
 - Level 1.7 Dodging
 * Level 9.8 Unarmed Combat
 - Level 2.0 Spellcasting
 + Level 6.8 Transmutations


You had 6 spell levels left.
You knew the following spells:

 Your Spells              Type           Power        Failure   Level
a - Beastly Appendage     Tmut           ###...       1%          1
b - Wereblood             Tmut           ###.....     2%          2
c - Spider Form           Tmut/Pois      ##........   19%         3

Your spell library contained the following spells:

 Spells                   Type           Power        Failure   Level
 Blade Hands              Tmut           ###.......   38%         5
 Ice Form                 Ice/Tmut       ##......     52%         4


Dungeon Overview and Level Annotations

Branches:
Dungeon (8/15)             Temple (1/1) D:4
   Lair: D:8-11

Altars:
Ashenzari
Cheibriados
Dithmenos
Elyvilon
Fedhas
Gozag
Hepliaklqana
Kikubaaqudgha
Makhleb
Nemelex Xobeh
Okawaru
Qazlal
Ru
Sif Muna
Trog
Uskayaw
Vehumet
Wu Jian
Xom
Zin
The Shining One

Shops:
D:7 *

Annotations:
D:2 1 runed translucent door, Crazy Yiuf


Innate Abilities, Weirdness & Mutations

You can breathe blasts of fire.
Your fiery red scales are hard. (AC +7)
You cannot fit into any form of body armour.
Your flesh is heat resistant. (rF+)
You are cold-blooded and may be slowed by cold attacks.
You have a pair of horns on your head.
You have razor-sharp toenails.


Message History

Your tail-slap misses the orc warrior.
The orc warrior is lightly wounded.
The orc warrior hits you but does no damage.
You see here a +0 trident.
You closely miss the orc warrior. You claw the orc warrior.
The orc warrior is lightly wounded.
The orc warrior hits you with a +0 short sword!
* * * LOW HITPOINT WARNING * * *
You punch the orc warrior!
You claw the orc warrior, but do no damage.
You punch the orc warrior!
The orc warrior is almost dead.
Your transformation is almost over.
The orc warrior hits you with a +0 short sword!
* * * LOW HITPOINT WARNING * * *
An orc comes into view. It is wielding a +0 club.
You closely miss the orc warrior.
The orc warrior is almost dead.
The orc warrior hits you with a +0 short sword.
You die...

#..........
.....(... ......
....... ......
#.#...###......
##.#..............
#.................
###(..........##...
#...o@........#....
#..o####))......$...
#.....#
###.....(.... .
....####(.).......
......#...........
.##...#..(......##
................##
..##..(.........####
##........##..#..


You could see an orc warrior and an orc.

Vanquished Creatures
  Pikel (D:4)
  Prince Ribbit (D:7)
  Edmund (D:5)
  An ice beast (D:7)
  A sky beast (D:6)
  An orc warrior (D:6)
  2 ogres
  3 centaurs
  A lemure (D:3)
  2 bullfrogs (D:7)
  2 scorpions
  5 wights (D:6)
  A bullfrog zombie (D:5)
  A quasit (D:5)
  3 hounds
  3 orc priests
  A jelly (D:7)
  3 orc wizards
  A bullfrog skeleton (D:7)
  A centaur skeleton (D:7)
  An iguana (D:6)
  4 worker ants
  A hound zombie (D:7)
  2 hound skeletons
  Robin (D:2)
  A worker ant zombie (D:5)
  8 gnolls
  11 adders
  A shadow imp (D:6)
  2 white imps (D:5)
  2 ufetubi
  3 adder skeletons (D:2)
  2 adder zombies
  2 worms (D:5)
  A dart slug (D:3)
  9 leopard geckos
  24 orcs
  4 ball pythons
  5 bats
  2 bat skeletons (D:2)
  A bat zombie (D:2)
  5 giant cockroaches
  13 goblins
  10 hobgoblins
  2 jackals (D:2)
  A quokka (D:3)
  7 frilled lizards
  A giant cockroach zombie (D:2)
  5 kobolds
  2 leopard gecko skeletons
  11 rats
179 creatures vanquished.

Vanquished Creatures (others)
  A goblin (D:3)
  2 withered plants (D:2)
3 creatures vanquished.

Grand Total: 182 creatures vanquished

Notes
Turn   | Place    | Note
-------+----------+-------------------------------------------
     0 | D:1      | kae the Draconian Transmuter began the quest for the Orb.
     0 | D:1      | Reached XP level 1. HP: 16/16 MP: 3/3
   242 | D:1      | Reached XP level 2. HP: 18/23 MP: 3/5
  1069 | D:2      | Noticed Robin
  1197 | D:1      | Reached XP level 3. HP: 18/29 MP: 6/6
  1533 | D:2      | Killed Robin
  1538 | D:2      | Reached skill level 4 in Unarmed Combat
  1713 | D:2      | Reached XP level 4. HP: 35/37 MP: 5/7
  1977 | D:2      | Found a runed translucent door.
  1978 | D:2      | Noticed Crazy Yiuf
  2238 | D:3      | Found a white marble altar of Elyvilon.
  2302 | D:3      | Reached XP level 5. HP: 4/42 MP: 8/8
  3033 | D:3      | Reached skill level 5 in Unarmed Combat
  3408 | D:3      | Found a burning altar of Makhleb.
  3902 | D:3      | Found an ornate altar of the Wu Jian Council.
  4391 | D:4      | Found a staircase to the Ecumenical Temple.
  4405 | D:4      | Reached XP level 6. HP: 23/51 MP: 9/9
  4592 | D:4      | Found a shimmering altar of Xom.
  4834 | D:4      | Learned a level 2 spell: Wereblood
  4838 | D:4      | Learned a level 3 spell: Spider Form
  4936 | D:4      | Found a broken altar of Ashenzari.
  4975 | Temple   | Entered the Ecumenical Temple
  5250 | D:3      | Became a worshipper of the Wu Jian Council
  5468 | D:4      | Noticed Pikel
  5521 | D:4      | Killed Pikel
  5521 | D:4      | Reached skill level 6 in Unarmed Combat
  5521 | D:4      | Your scales start taking on a fiery red colour.
  5521 | D:4      | Reached XP level 7. HP: 52/60 MP: 5/10
  5521 | D:4      | Gained mutation: Your flesh is heat resistant. (rF+) [Red
                  | Draconian growth]
  5657 | D:4      | Found a sparkling altar of Nemelex Xobeh.
  5746 | D:5      | Entered Level 5 of the Dungeon
  5756 | D:5      | Reached skill level 7 in Unarmed Combat
  6044 | D:5      | Noticed a moth of wrath
  6047 | D:5      | Found a bloodstained altar of Trog.
  6136 | D:5      | Found a hide-covered altar of Uskayaw.
  6190 | D:5      | Noticed Edmund
  6207 | D:5      | Killed Edmund
  6207 | D:5      | Reached skill level 5 in Fighting
  6207 | D:5      | Reached XP level 8. HP: 68/68 MP: 7/11
  6265 | D:5      | Reached skill level 5 in Transmutations
  6347 | D:5      | Found a stormy altar of Qazlal.
  6352 | D:5      | Found a shimmering blue altar of Sif Muna.
  6439 | D:5      | Found an iron altar of Okawaru.
  6714 | D:6      | Reached * piety under Wu Jian
  6815 | D:6      | Reached skill level 8 in Unarmed Combat
  6941 | D:6      | Found the +7 captain's cutlass {speed, disarm}
  7751 | D:7      | Noticed Prince Ribbit
  8039 | D:7      | Killed Prince Ribbit
  8039 | D:7      | Reached skill level 9 in Unarmed Combat
  8039 | D:7      | Reached XP level 9. HP: 37/78 MP: 12/12
  8532 | D:7      | Found Zin's Purification Station.
  8543 | D:7      | Found a glowing silver altar of Zin.
  8590 | D:7      | Found a shadowy altar of Dithmenos.
  8615 | D:7      | Reached ** piety under Wu Jian
  9751 | D:8      | HP: 1/79 [orc warrior/+0 short sword (14)]
  9752 | D:8      | Slain by an orc warrior

Illustrated notes

Levels and vault maps discovered:
D:1:      dpeg_arrival_round_b, layout_loops_ring
D:2:      layout_rooms, serial_undead, serial_undead_e, serial_undead_e,
          serial_undead_a, serial_undead_e, cheibrodos_gnoll_hut,
          uniq_crazy_yiuf_cottage, uniq_robin
D:3:      layout_basic, elyvilon_altar_4, lemuel_doored_altar,
          marbit_many_paths, roderic_lattice_a, grunt_decor_arrowhead
D:4:      layout_cave_pools, old_standard_altar, evilmike_ruin_ashenzari,
          lemuel_round_altar, minmay_temple_entry_proselytizer, uniq_pikel
D:5:      layout_rooms, tgw_trog, okawaru_gym_becter, minitemple, basic_altar,
          kennysheep_dice, uniq_edmund
D:6:      layout_basic
D:7:      layout_basic, zin_purify, nicolae_dithmenos_the_darkroom,
          uniq_prince_ribbit1
D:8:      layout_cave_pools
Temple:   compressed_dpeg_triangle_lava_temple

Skill      XL: |  1  2  3  4  5  6  7  8  9 |
---------------+----------------------------+-----
Fighting       | 2 3 4 5 6 7 |  7.2
Unarmed Combat | 4 5 6 7 9 |  9.8
Transmutations | 3 4 6 |  6.8
Dodging        | |  1.7
Spellcasting   | |  2.0

Action                   |  1- 3 |  4- 6 |  7- 9 || total
-------------------------+-------+-------+-------++-------
Melee: Unarmed           |   101 |   203 |   264 ||   568
       Tailslap          |     8 |    16 |    28 ||    52
       Headbutt          |    11 |    19 |    28 ||    58
       Kick              |    13 |    23 |    38 ||    74
       Punch             |       |     5 |     6 ||    11
 Cast: Beastly Appendage |    12 |    25 |    28 ||    65
       Spider Form       |       |     1 |     7 ||     8
Invok: Lunge             |       |     2 |    17 ||    19
       Whirlwind         |       |       |     2 ||     2
 Abil: Breathe Fire      |       |       |     4 ||     4
  Use: Scroll            |       |     8 |     8 ||    16
       Potion            |       |     1 |       ||     1
 Stab: Sleeping          |       |     1 |     1 ||     2
Armor: Skin              |    56 |    56 |    49 ||   161
Dodge: Dodged            |   108 |   129 |   181 ||   418

Table legend: (Time is in decaauts)
 A = Elapsed time spent in this place.
 B = Non-inter-level travel time spent in this place.
 C = Inter-level travel time spent in this place.
 D = Time resting spent in this place.
 E = Time spent auto-exploring this place.
 F = Levels seen in this place.
 G = Mean time per level.
                   A        B        C        D        E       F      G
               +--------+--------+--------+--------+--------+-----+--------+
         Total |   9698 |   9380 |    318 |   2180 |   6038 |   9 | 1077.6 |
       Dungeon |   9459 |   9161 |    298 |   2180 |   5820 |   8 | 1182.4 |
        Temple |    238 |    218 |     20 |      0 |    218 |   1 |  238.0 |
               +--------+--------+--------+--------+--------+-----+--------+

Top non-repeatable levels by time:
     D:3: 2239 daAuts
     D:7: 1651 daAuts
     D:1: 1516 daAuts
     D:6: 1325 daAuts
     D:4: 1018 daAuts
     D:5: 929 daAuts
     D:2: 712 daAuts
  Temple: 238 daAuts
     D:8: 66 daAuts
